 Dungeon Crawl Stone Soup version 0.31.0-1-g2c135a0 (webtiles) character file.

Game seed: 6543359473662324440

7681 jagoly the Carver (level 11, -4/83 HPs)
             Began as a Merfolk Earth Elementalist on Jan 22, 2024.
             Was a Follower of Uskayaw.
             Slain by a death yak (17 damage)
             ... on level 10 of the Dungeon.
             The game lasted 02:10:02 (14662 turns).

jagoly the Carver (Merfolk Earth Elementalist)     Turns: 14662, Time: 02:10:02

Health: -4/83      AC:  6    Str:  9    XL:     11   Next: 19%
Magic:  11/14      EV: 17    Int: 21    God:    Uskayaw [*.....]
Gold:   431        SH:  0    Dex: 18    Spells: 10/14 levels left

rFire   . . .        a - +3 scimitar
rCold   . . .        (no shield)
rNeg    . . .        c - +0 robe
rPois   .            (no helmet)
rElec   .            M - scarf {+Inv}
rCorr   .            B - +0 pair of gloves
SInv    .            A - +2 pair of boots {Stlth+}
Will    .....        p - amulet of the acrobat
Stlth   +++++        j - +6 ring of intelligence
HPRegen 0.33/turn    (no ring)
MPRegen 0.14/turn

%: acrobat
@: hasted, very quick
A: (nimble swimmer 2), mertail
a: Renounce Religion, Evoke Invisibility, Stomp


You were on level 10 of the Dungeon.
You worshipped Uskayaw.
Uskayaw was noncommittal.
You visited 1 branch of the dungeon, and saw 11 of its levels.

You collected 732 gold pieces.
You spent 301 gold pieces at shops.

Inventory:

Hand Weapons
 a - a +3 scimitar (weapon)
 b - a +2 dagger of draining
 u - the +6 mace of Weck {antimagic, rN+ Int+3}
   (You found it on level 3 of the Dungeon)

   Int+3:     It affects your intelligence (+3).
   rN+:       It protects you from negative energy.
 w - a +0 sling
 S - a +4 spear of freezing
 W - a +0 orcbow
Missiles
 d - 69 stones (quivered)
 D - 2 javelins
 H - 4 boomerangs
 I - 13 poisoned darts
Armour
 c - a +0 robe (worn)
 y - a +0 kite shield
 A - a +2 pair of boots of stealth (worn)
 B - a +0 pair of gloves (worn)
 M - a scarf of invisibility (worn)
Jewellery
 j - a +6 ring of intelligence (left hand)
 p - an amulet of the acrobat (around neck)
Wands
 T - a wand of flame (12)
Scrolls
 e - 3 scrolls of teleportation
 k - a scroll of enchant armour {unknown}
 l - 3 scrolls of enchant weapon
 m - a scroll of silence {unknown}
 o - a scroll of fear {unknown}
 r - 3 scrolls of immolation
 s - a scroll of fog {unknown}
 t - 2 scrolls of revelation
 x - 3 scrolls of vulnerability
 G - a scroll of noise {unknown}
 L - a scroll of blinking {unknown}
 R - a scroll of poison {unknown}
 V - a scroll of torment {unknown}
 Y - a scroll of brand weapon {unknown}
Potions
 g - 3 potions of attraction
 h - a potion of magic
 i - a potion of heal wounds {unknown}
 q - 2 potions of curing
 v - 2 potions of might
 z - a potion of enlightenment {unknown}
 C - 2 potions of ambrosia
 E - 2 potions of lignification {unknown}
 F - a potion of cancellation {unknown}
 J - a potion of berserk rage {unknown}
 N - a potion of degeneration {unknown}
 O - a potion of invisibility {unknown}
 P - a potion of mutation {unknown}
 X - a potion of resistance {unknown}


   Skills:
 + Level 6.5 Fighting
 + Level 13.3 Long Blades
 - Level 2.0 Throwing
 + Level 8.7 Dodging
 + Level 6.9 Stealth
 - Level 2.0 Spellcasting
 - Level 0.7 Conjurations
 - Level 4.0 Earth Magic
 - Level 4.0 Invocations
 - Level 4.0 Evocations


You had 10 spell levels left.
You knew the following spells:

 Your Spells              Type           Power      Damage    Failure   Level
a - Sandblast             Erth           36%        2d10      2%          1
w - Passwall              Erth           18%        N/A       9%          3

Your spell library contained the following spells:

 Spells                   Type           Power      Damage    Failure   Level
 Kiss of Death            Conj/Necr      12%        2d6       13%         1
 Stone Arrow              Conj/Erth      24%        3d8       17%         3
 Call Imp                 Summ           4%         N/A       22%         2
 Sublimation of Blood     Necr           2%         N/A       22%         2
 Confusing Touch          Hex            2%         N/A       41%         3
 Brom's Barrelling Bould  Conj/Erth      12%        2d4       50%         4
 Petrify                  Alch/Erth      10%        N/A       54%         4
 Dispel Undead            Necr           2%         3d7       82%         4
 Sticky Flame             Fire/Alch      2%         2d4       82%         4
 Summon Hydra             Summ           1%         N/A       100%        7
 Maxwell's Capacitive Co  Air            1%         ∞         100%        8


Dungeon Overview and Level Annotations

Branches:
Dungeon (11/15) Zot: 26956  Temple (0/1) D:4             Orc (0/2) D:10
   Lair: D:8-11

Altars:
Ashenzari
Cheibriados
Dithmenos
Elyvilon
Kikubaaqudgha
Makhleb
Okawaru
Ru
Uskayaw
Wu Jian
Xom
Yredelemnul
The Shining One

Shops:
D:2 :   D:10 =[(

Annotations:
D:8 1 runed translucent door, ozjimbob's ghost, novice MiFi
D:10 exclusions: door, kobold demonologist, orc warrior and 2 more exclusions, Erolcha


Innate Abilities, Weirdness & Mutations

((You are very nimble when in or above water. (Stealth+, EV+, Speed+++)))
Your lower body shifts to a powerful aquatic tail in water.


Message History

No target in view!
Things that are here:
a +0 short sword; an orc corpse
There is an open door here.
There is an open door here.
A yak is nearby!
A yak comes into view.
The yak bellows!
The yak moves out of view.
Unknown command.
Unknown command.
Cast which spell? (? or * to list)
Aiming: Sandblast (safe; 2% risk of failure)
Press: ? - help, Shift-Dir - straight line, f - yak
Aim: a yak (89% to hit)
The blast of sand hits the yak.
The yak is lightly wounded.
The yak bellows! x2
The yak gores you!
Cast which spell? (? or * to list)
Aiming: Sandblast (safe; 2% risk of failure)
Press: ? - help, Shift-Dir - straight line, f - yak, p - yak
Aim: a yak (89% to hit)
The blast of sand hits the yak but does no damage.
The yak is lightly wounded.
The yak gores you.
Press: ? - help, v - describe, . - travel
Here: a yak (lightly wounded)
The floor.
You slash the yak!
The yak is moderately wounded.
The yak gores you!
You hit the yak.
The yak is heavily wounded.
You barely miss the yak.
The yak is heavily wounded.
The yak gores you!
You hit the yak.
The yak is heavily wounded.
The yak barely misses you.
You can now pass through a line of other dancers.
You hit the yak.
The yak is severely wounded.
You hit the yak.
The yak is almost dead.
The yak gores you!
You closely miss the yak.
The yak is almost dead.
The yak gores you!
* * * LOW HITPOINT WARNING * * *
Aiming: Line Pass
Press: ? - help, Dir - move target, p - yak The yak appears confused. x3;
Found 7 gold pieces.
You can no longer pass through a line of other dancers.
The yak gores the yak!
Hit: a) +5 falchion
Press: ? - help, Dir - move target, f - yak
Aim: a yak (moderately wounded, confused, about 10% to evade your +5 falchion)
You hit the yak.
The yak is heavily wounded.
Hit: a) +5 falchion
Press: ? - help, Dir - move target, f/p - yak
Aim: a yak (heavily wounded, confused, about 10% to evade your +5 falchion)
You hit the yak.
The yak is heavily wounded.
The yak gores the yak!
The yak closely misses the yak.
You can now pass through a line of other dancers.
Hit: a) +5 falchion
Press: ? - help, Dir - move target, f/p - yak
Aim: a yak (almost dead, confused, about 10% to evade your +5 falchion)
You catch the helpless yak completely off-guard!
You hit the yak.
The yak is almost dead.
The yak seems less confused. x3; The yak gores you.
* * * LOW HITPOINT WARNING * * *
Hit: a) +5 falchion
Press: ? - help, Dir - move target, f/p - yak
Aim: a yak (almost dead, about 20% to evade your +5 falchion)
You hit the yak.
You kill the yak!
Your Long Blades skill increases to level 13!
The yak attacks as it pursues you! The yak completely misses you.
You can no longer pass through a line of other dancers.
You see here a +0 flail.
Things that are here:
a +0 dire flail; a +0 giant club; a two-headed ogre corpse
There is a stone staircase leading up, spattered with blood here.
You climb upwards.
There is a stone staircase leading down here.
Magic restored.
There is an open door here.
There is a stone staircase leading down here.
You start resting.
HP restored.
You start resting.
HP restored.
You climb downwards.
Level annotation: exclusions: door, kobold demonologist, orc warrior and 2 more exclusions, Erolcha
There is a stone staircase leading up here.
You open the door.
There is an open door here.
There is an open door here.
Cast which spell? (? or * to list)
Aiming: Sandblast (safe; 2% risk of failure)
Press: ? - help, Shift-Dir - straight line, f - yak
Aim: a yak (lightly wounded, 89% to hit)
Okay, then.
The yak bellows! x2
There is an open door here.
You start waiting.
There is an open door here.
Throw: 71 stones
Press: ? - help, Q - select action, (/) - cycle Shift-Dir - straight line, f - yak
Aim: a yak (wandering, hasn't noticed you, 72% to hit)
You throw a stone. The stone hits the yak.
The yak is lightly wounded.
You start waiting.
A yak is nearby!
Throw: 70 stones
Press: ? - help, Q - select action, (/) - cycle Shift-Dir - straight line, f/p - yak
Aim: a yak (lightly wounded, 72% to hit)
Okay, then.
Throw: 70 stones
Press: ? - help, Q - select action, (/) - cycle Shift-Dir - straight line, f/p - yak
Aim: a yak (lightly wounded, 72% to hit)
You throw a stone.
The stone hits the yak but does no damage.
The yak is lightly wounded.
Cast which spell? (? or * to list)
Aiming: Sandblast (safe; 2% risk of failure)
Press: ? - help, Shift-Dir - straight line, f/p - yak
Aim: a yak (89% to hit)
The blast of sand hits the yak!
The yak is moderately wounded.
Cast which spell? (? or * to list)
Aiming: Sandblast (safe; 2% risk of failure)
Press: ? - help, Shift-Dir - straight line, f/p - yak
Aim: a yak (moderately wounded, 89% to hit)
The blast of sand hits the yak.
The yak is heavily wounded.
You slash the yak!
The yak is severely wounded.
You can now pass through a line of other dancers.
You completely miss the yak.
The yak is severely wounded.
The yak gores you!
You slash the yak!
The yak is almost dead.
The yak misses you.
You slash the yak!
You kill the yak!
No target in view!
You can no longer pass through a line of other dancers.
A yak is nearby!
Cast which spell? (? or * to list)
Aiming: Sandblast (safe; 2% risk of failure)
Press: ? - help, Shift-Dir - straight line, f - yak
Aim: a yak (89% to hit)
The blast of sand hits the yak but does no damage.
The yak barely misses you.
The yak bellows!
You hit the yak but do no damage. You slash the yak!
The yak is lightly wounded.
The yak gores you!
You closely miss the yak.
The yak is lightly wounded.
The yak gores you!
You hit the yak.
The yak is moderately wounded.
You slash the yak! You punch the yak.
The yak is severely wounded.
The yak closely misses you.
You can now pass through a line of other dancers.
You slash the yak!
The yak is almost dead.
The yak misses you.
You hit the yak.
The yak is almost dead.
You slash the yak!
You kill the yak!
Training target 4.0 for Evocations reached!
Your Dodging skill increases to level 8!
Your Evocations skill increases to level 4!
Aiming: Line Pass
Press: ? - help, Dir - move target, f - yak
Aim: a yak You can't stand on top of the monster!
Aiming: Line Pass
Press: ? - help, Dir - move target, f/p - yak
Aim: a yak You can't stand on top of the monster!
Aiming: Line Pass
Press: ? - help, Dir - move target, f - you, p - yak
Okay, then.
Unknown command.
Aiming: Line Pass
Press: ? - help, Dir - move target, p - yak The yak appears confused.
You can no longer pass through a line of other dancers.
You sense an unholy aura.
b - a +2 dagger of draining (weapon)
You hit the yak but do no damage. You drain the yak.
The yak is lightly wounded.
The yak closely misses you.
You hit the yak. You drain the yak.
The yak is moderately wounded.
The yak seems less confused.
The yak gores you.
You can now pass through a line of other dancers.
a - a +5 falchion (weapon)
You slash the yak!
The yak is heavily wounded.
The yak closely misses you.
You closely miss the yak.
The yak is heavily wounded.
You closely miss the yak.
The yak is heavily wounded.
The yak closely misses you.
You hit the yak.
The yak is heavily wounded.
The yak gores you.
You slash the yak! You punch the yak, but do no damage.
The yak is severely wounded.
You slash the yak!
The yak is almost dead.
The yak gores you but does no damage.
Uskayaw will force your foes to helplessly watch your dance.
Uskayaw prepares the audience for your solo!
The helpless yak fails to defend itself.
You slash the yak!
You kill the yak!
Your Fighting skill increases to level 6!
You have reached level 11!
Magic restored.
HP restored.
You now have 732 gold pieces (gained 7).
Key pressed, stopping explore.
You sense an unholy aura.
b - a +2 dagger of draining (weapon)
a - a +5 falchion (weapon)
You sense an unholy aura.
b - a +2 dagger of draining (weapon)
You see here a yak skeleton.
There is an open door here.
There is an open door here.
Found a stone staircase leading down.
You see here a +0 short sword.
Partly explored, can't reach some places.
Partly explored, can't reach some places.
Okay, then.
Unknown command.
You start putting on your armour.
You continue putting on your orb of light. x4
You finish putting on your orb of light.
a - a +5 falchion (weapon)
Search for what [Enter for "long blade", or ? for help]? boot
There is a stone staircase leading down here.
There is an open door here.
There is an entrance to Fias's Armour Emporium here.
A - a +2 pair of boots of stealth Thank you for shopping at Fias's Armour Emporium!
You start putting on your armour.
You continue putting on your +2 pair of boots of stealth. x4
You finish putting on your +2 pair of boots of stealth.
You feel stealthy.
You drop an orb of guile.
You start removing your armour.
You continue taking off your orb of light. x4
You finish taking off your orb of light.
You drop an orb of light.
Okay, then.
Okay, then.
You are now empty-handed.
You drop a +5 falchion.
Adjust (i)tems, (s)pells, or (a)bilities?
Q - a +3 scimitar Adjust to which letter? (? for menu, Esc to quit)
a - a +3 scimitar
a - a +3 scimitar (weapon)
You sense an unholy aura.
b - a +2 dagger of draining (weapon)
a - a +3 scimitar (weapon)
Search for what [Enter for "boot", or ? for help]? blade
There is an open door here.
There is a stone staircase leading down here.
You sense an unholy aura.
b - a +2 dagger of draining (weapon)
You climb downwards.
Found a stone staircase leading down.
There is a stone staircase leading up here.
The helpless boulder beetle fails to defend itself.
You spit the boulder beetle like a pig!!!
The boulder beetle is severely wounded.
You can now pass through a line of other dancers.
Throw: 15 darts (poison)
Press: ? - help, Shift-Dir - straight line, f - boulder beetle
Aim: a boulder beetle (severely wounded, 90% to hit)
Okay, then.
Aiming: Line Pass
Press: ? - help, Dir - move target The boulder beetle appears confused.
A kobold comes into view. It is wielding a +0 club.
You can no longer pass through a line of other dancers.
The boulder beetle bites you.
Hit: b) +2 dagger (drain)
Press: ? - help, Dir - move target, f - boulder beetle
Aim: a boulder beetle (severely wounded, confused, about 5% to evade your +2 dagger of draining)
You hit the boulder beetle but do no damage.
You drain the boulder beetle.
The boulder beetle is severely wounded.
The boulder beetle seems less confused.
The boulder beetle misses you.
Press: ? - help, v - describe, . - travel
Here: a boulder beetle (severely wounded, lightly drained)
The floor.
Unknown command.
Throw: 15 darts (poison)
Press: ? - help, Shift-Dir - straight line, f/p - boulder beetle
Aim: a boulder beetle (severely wounded, lightly drained, 90% to hit)
You throw a poisoned dart.
The poisoned dart hits the boulder beetle.
The boulder beetle is poisoned.
The boulder beetle is severely wounded.
The boulder beetle barely misses you.
Throw: 14 darts (poison)
Press: ? - help, Shift-Dir - straight line, f/p - boulder beetle
Aim: a boulder beetle (severely wounded, poisoned, lightly drained, 90% to hit)
You throw a poisoned dart.
The poisoned dart hits the boulder beetle.
The boulder beetle looks even sicker.
The boulder beetle is severely wounded.
Okay, then.
a - a +3 scimitar (weapon)
The boulder beetle misses you.
You hit the boulder beetle but do no damage.
The boulder beetle is almost dead.
The boulder beetle misses you.
You slash the boulder beetle!
The boulder beetle is almost dead.
You hit the boulder beetle but do no damage.
The boulder beetle is almost dead.
The kobold shouts!
You hear a bellow! x2; You hear a shout! x2
You hear a bellow!
You kill the boulder beetle!
A kobold brigand comes into view.
It is wielding a +0 dagger and quivering poisoned darts.
Things that are here:
2 poisoned darts; a boulder beetle corpse
I - 15 poisoned darts (gained 2)
A death yak comes into view.
The kobold hits you but does no damage.
There is a stone staircase leading up here.
You barely miss the kobold. The kobold completely misses you.
Press: ? - help, v - describe, . - travel
Here: a death yak A stone staircase leading down.
Unknown command.
You closely miss the kobold. The kobold hits you but does no damage.
You barely miss the kobold. The kobold hits you with a +0 club.
Throw: dart (curare)
Press: ? - help, Shift-Dir - straight line You throw a curare-tipped dart.
The curare-tipped dart hits the death yak.
The death yak is poisoned.
The death yak struggles to breathe.
The death yak seems to slow down.
The death yak is lightly wounded.
Hit: a) +3 scimitar
Press: ? - help, Dir - move target, f - kobold
Aim: a kobold, wielding a +0 club (about 35% to evade your +3 scimitar)
You slice the kobold!!
You kill the kobold!
Hit: a) +3 scimitar
Press: ? - help, Dir - move target, f - death yak
Aim: a death yak (lightly wounded, very poisoned, slow, about 16% to evade your +3 scimitar)
You barely miss the death yak.
The death yak is lightly wounded.
Hit: a) +3 scimitar
Press: ? - help, Dir - move target, f/p - death yak
Aim: a death yak (moderately wounded, very poisoned, slow, about 16% to evade your +3 scimitar)
You hit the death yak but do no damage.
The death yak is moderately wounded.
The death yak gores you.
Hit: a) +3 scimitar
Press: ? - help, Dir - move target, f/p - death yak
Aim: a death yak (moderately wounded, very poisoned, slow, about 16% to evade your +3 scimitar)
You slash the death yak!
The death yak is moderately wounded.
You can now pass through a line of other dancers.
Hit: a) +3 scimitar
Press: ? - help, Dir - move target, f/p - death yak
Aim: a death yak (moderately wounded, very poisoned, slow, about 16% to evade your +3 scimitar)
You slash the death yak!
The death yak is heavily wounded.
Hit: a) +3 scimitar
Press: ? - help, Dir - move target, f/p - death yak
Aim: a death yak (heavily wounded, very poisoned, slow, about 16% to evade your +3 scimitar)
You hit the death yak.
The death yak is heavily wounded.
The death yak gores you!
Hit: a) +3 scimitar
Press: ? - help, Dir - move target, f/p - death yak
Aim: a death yak (heavily wounded, poisoned, slow, about 16% to evade your +3 scimitar)
You slice the death yak!!
The death yak is almost dead.
Uskayaw will force your foes to helplessly watch your dance.
Uskayaw prepares the audience for your solo!
The helpless death yak fails to defend itself.
You slice the death yak!!
You kill the death yak!
A kobold comes into view. It is wielding a +0 dagger.
You see here a +0 club. 3 death yaks come into view.
A kobold comes into view.
It is wielding a +0 whip and quivering poisoned darts.
The death yak moves out of view.
Throw: 15 darts (poison)
Press: ? - help, Shift-Dir - straight line You throw a poisoned dart.
The poisoned dart hits the death yak.
The kobold shouts!
The kobold shouts!
You hear a shout!
You hear a bellow!
An orc warrior comes into view. It is wielding a +0 hand axe.
Throw: 14 darts (poison)
Press: ? - help, Shift-Dir - straight line, f - death yak
Aim: a death yak (80% to hit)
You throw a poisoned dart. The poisoned dart hits the death yak.
The death yak is poisoned.
The death yak bellows!
The orc warrior shouts!
You hear a shout!
A death yak comes into view. x2
Okay, then.
The death yak bellows!
You hit the death yak but do no damage.
The death yak is lightly wounded.
The death yak gores you!
You hit the death yak but do no damage.
The death yak is lightly wounded.
You hit the death yak.
The death yak is lightly wounded.
An orc comes into view. It is wielding a +0 club.
The death yak gores you!
You hit the death yak but do no damage.
The death yak is lightly wounded.
The death yak closely misses you.
An orc comes into view. It is wielding a +0 flail.
Unknown command.
Okay, then.
Okay, then.
Unknown command.
Press: ? - help, v - describe, . - travel
Here: a death yak (lightly wounded, poisoned)
A stone staircase leading down, spattered with blood.
Unknown command.
Okay, then.
Press: ? - help, v - describe, . - travel
Here: a death yak (lightly wounded, poisoned)
A stone staircase leading down, spattered with blood.
Unknown command.
The death yak attacks as it pursues you!
The death yak misses you.
You see here a +0 club.
Press: ? - help, v - describe, . - travel, g - get item Item here: a +0 club.
The floor.
Unknown command.
The death yak attacks as it pursues you!
The death yak completely misses you.
There is a stone staircase leading up, spattered with blood here.
The death yak gores you!!
* * * LOW HITPOINT WARNING * * *
You climb upwards.
Level annotation: exclusions: door, kobold demonologist, orc warrior and 2 more exclusions, Erolcha
There is a stone staircase leading down here.
Aiming: Line Pass
Press: ? - help, Dir - move target The death yak appears confused.
The death yak looks more healthy.
The death yak gores you.
* * * LOW HITPOINT WARNING * * *
You can no longer pass through a line of other dancers.
The death yak seems less confused.
There is an open door here.
Okay, then.
Unknown command.
Okay, then.
Okay, then.
Okay, then.
Okay, then.
Press: ? - help, v - describe, . - travel
Here: a death yak (lightly wounded)
The floor.
Unknown command.
Okay, then.
There is an entrance to Fias's Armour Emporium here.
Things that are here:
a +5 falchion; an orb of light; an orb of guile The death yak attacks as it pursues you!
The death yak gores you!
* * * LOW HITPOINT WARNING * * *
Okay, then.
Okay, then.
Okay, then.
You feel yourself speed up. The death yak gores you!
You die...

.......#.#........# #............
._......†#<).)....# ######.......
.......########.### ####.###
.......# #..# #.# ....#### ##.#
#÷## ....# #####'########## #..#
....#### #..............####.#
.......# #............#..###.##
.....†.# #....@.......##......#
.......# ###....Y.>.∩...###.....#
.......###..............###.....#
.......##..##...................#
.......'..###......[.....##.....#
.......#### #.....##########.####
.......# ####'## ###.# ##....##
#....# #...# ...#### #>####
####'######


You could see a death yak.

Vanquished Creatures
  A boulder beetle (D:11)
  2 two-headed ogres
  A death yak (D:11)
  2 hornets
  A shadow (D:10)
  10 yaks
  A wyvern (D:8)
  A water moccasin (D:6)
  An orc warrior (D:10)
  5 sky beasts
  An ice beast (D:8)
  An ogre (D:7)
  A centaur (D:9)
  3 kobold brigands
  2 phantoms
  2 bullfrogs
  A scorpion (D:7)
  9 wights
  6 killer bees
  A howler monkey (D:5)
  A bombardier beetle (D:5)
  2 gnoll boudas
  2 hounds
  5 orc priests
  3 jellies
  2 iguanas
  4 sleepcaps
  6 orc wizards
  10 adders
  10 gnolls
  A shadow imp (D:6)
  2 white imps (D:6)
  4 ribbon worms
  5 dart slugs
  30 orcs
  6 ball pythons
  5 endoplasms
  3 giant cockroaches
  12 goblins
  2 hobgoblins
  5 jackals
  3 quokkas
  7 bats
  3 frilled lizards
  22 kobolds
  2 rats
209 creatures vanquished.

Vanquished Creatures (others)
  An orc wizard (D:6)
1 creature vanquished.

Grand Total: 210 creatures vanquished

Notes
Turn   | Place    | Note
-------+----------+-------------------------------------------
     0 | D:1      | jagoly the Merfolk Earth Elementalist began the quest for
                  | the Orb.
     0 | D:1      | Reached XP level 1. HP: 13/13 MP: 3/3
   201 | D:1      | Reached XP level 2. HP: 15/19 MP: 1/5
   336 | D:1      | You fall into a shaft and drop 1 floor!
   343 | D:2      | Found Riadeg's Book Shop.
   392 | D:1      | Reached skill level 1 in Long Blades
   487 | D:1      | Reached XP level 3. HP: 20/24 MP: 1/6
   621 | D:1      | Reached skill level 2 in Long Blades
  1048 | D:2      | Reached skill level 3 in Long Blades
  1266 | D:2      | Reached XP level 4. HP: 30/30 MP: 1/7
  1938 | D:2      | Reached skill level 4 in Long Blades
  2151 | D:3      | Learned a level 3 spell: Passwall
  2167 | D:3      | Found a hide-covered altar of Uskayaw.
  2179 | D:3      | Became a worshipper of Uskayaw the Reveller
  2188 | D:3      | Found a white marble altar of Elyvilon.
  2224 | D:3      | Reached * piety under Uskayaw
  2309 | D:3      | Identified the +6 mace of Weck {antimagic, rN+ Int+3}
  2440 | D:3      | Reached ** piety under Uskayaw
  2444 | D:3      | Reached XP level 5. HP: 28/36 MP: 1/8
  2818 | D:4      | Found an iron altar of Okawaru.
  3124 | D:4      | Found an ornate altar of the Wu Jian Council.
  3134 | D:4      | Reached skill level 1 in Fighting
  3146 | D:4      | Noticed an ogre
  3711 | D:4      | Found a sacrificial altar of Ru.
  3827 | D:4      | Found a staircase to the Ecumenical Temple.
  4333 | D:3      | Found a hide-covered altar of Uskayaw.
  4565 | D:3      | Reached skill level 5 in Long Blades
  4565 | D:3      | Reached XP level 6. HP: 39/43 MP: 6/9
  4947 | D:5      | Entered Level 5 of the Dungeon
  5294 | D:5      | Reached *** piety under Uskayaw
  5296 | D:5      | Reached skill level 6 in Long Blades
  5611 | D:5      | Reached XP level 7. HP: 45/50 MP: 6/10
  6286 | D:5      | Found a shadowy altar of Dithmenos.
  6891 | D:6      | Reached skill level 1 in Invocations
  6910 | D:6      | Reached **** piety under Uskayaw
  6921 | D:6      | Reached skill level 7 in Long Blades
  7228 | D:7      | Noticed a hornet
  7249 | D:7      | Reached XP level 8. HP: 48/57 MP: 7/11
  7757 | D:7      | Reached skill level 1 in Throwing
  7952 | D:6      | Reached skill level 8 in Long Blades
  8045 | D:6      | Reached skill level 5 in Dodging
  8351 | D:6      | Reached XP level 9. HP: 60/65 MP: 9/12
  9018 | D:7      | Reached skill level 9 in Long Blades
  9164 | D:7      | Found a broken altar of Ashenzari.
  9206 | D:7      | Found a shimmering altar of Xom.
  9607 | D:7      | Reached skill level 10 in Long Blades
  9742 | D:7      | Killed a hornet
  9854 | D:8      | Found a runed translucent door.
  9854 | D:8      | Noticed ozjimbob's ghost (novice MiFi)
  9907 | D:8      | Reached skill level 11 in Long Blades
 10566 | D:8      | Reached skill level 12 in Long Blades
 10705 | D:8      | Found a basalt altar of Yredelemnul.
 10806 | D:8      | Got Qapp's Compilation of Igneous Thunder
 11118 | D:8      | Reached XP level 10. HP: 50/72 MP: 9/13
 11353 | D:9      | Found a glowing golden altar of the Shining One.
 11422 | D:9      | Noticed a two-headed ogre
 11757 | D:9      | Killed a two-headed ogre
 11758 | D:9      | Reached skill level 5 in Fighting
 11758 | D:9      | Reached skill level 5 in Stealth
 12099 | D:9      | Paralysed by a hornet for 2 turns
 12104 | D:9      | Found an ancient bone altar of Kikubaaqudgha.
 12261 | D:9      | Found a burning altar of Makhleb.
 12261 | D:9      | Noticed an Executioner
 12705 | D:9      | Reached skill level 1 in Evocations
 13226 | D:10     | Entered Level 10 of the Dungeon
 13286 | D:10     | Found a snail-covered altar of Cheibriados.
 13373 | D:10     | Noticed Erolcha
 13398 | D:10     | Found Zumuurog's Jewellery Shoppe.
 13485 | D:10     | Noticed a two-headed ogre
 13731 | D:10     | Noticed a kobold demonologist
 13898 | D:10     | Found Fias's Armour Emporium.
 13898 | D:10     | Found a staircase to the Orcish Mines.
 13900 | D:10     | Found Pipp's Weapon Emporium.
 13949 | D:10     | Killed a two-headed ogre
 14080 | D:10     | Reached skill level 13 in Long Blades
 14386 | D:10     | Reached XP level 11. HP: 44/81 MP: 9/14
 14587 | D:10     | Bought a +2 pair of boots of stealth for 301 gold pieces
 14613 | D:11     | Noticed a boulder beetle
 14624 | D:11     | Killed a boulder beetle
 14626 | D:11     | Noticed a death yak
 14641 | D:11     | Killed a death yak
 14643 | D:11     | Noticed a death yak
 14643 | D:11     | Noticed a death yak
 14643 | D:11     | Noticed a death yak
 14645 | D:11     | Noticed a death yak
 14645 | D:11     | Noticed a death yak
 14662 | D:10     | Slain by a death yak

Illustrated notes

Levels and vault maps discovered:
D:1:      ebering_trefoil_3fold, layout_basic
D:2:      layout_basic, serial_shops, nicolae_shop_stone,
          chequers_serial_rivers_large_a
D:3:      layout_loops_ring, overflow_temple_1_default, elyvilon_altar_1
D:4:      layout_cave_pods, mainiacjoe_overflow_cross_hatched,
          okawaru_ov_weapons_minmay, marbit_many_paths,
          minmay_temple_entry_overgrown, minmay_misc_feat_x
D:5:      layout_basic, kennysheep_mini_moat
D:6:      minmay_diamond_boxcup, layout_loops_ring, chequers_mini_garden,
          serial_bayou_pond_e
D:7:      layout_loops_ring, regret_index_xom_buried_treasure,
          overflow_temple_1_default, enter_bailey_3
D:8:      layout_basic, lemuel_tele_altar, hellmonk_ghost_happy_afterlife
D:9:      layout_basic, amcnicky_altar_gilded, makhleb_altar_promises_db,
          nicolae_overflow_hidden_temple
D:10:     layout_roguey, slow_altar_1, orc_david_3, serial_shops,
          nicolae_shop_tiny_statue_garden, uniq_erolcha
D:11:     layout_rooms, dpeg_lair_monsters

Skill      XL: |  1  2  3  4  5  6  7  8  9 10 |
---------------+-------------------------------+-----
Earth Magic    | 3 4 |  4.0
Long Blades    | 1 3 4 5 6 7 8 12 13 | 13.3
Dodging        | 3 5 6 8 |  8.7
Fighting       | 1 2 4 6 |  6.5
Stealth        | 3 4 6 |  6.9
Invocations    | 1 3 4 |  4.0
Throwing       | 2 |  2.0
Evocations     | 4 |  4.0
Spellcasting   | |  2.0
Conjurations   | |  0.7

Action                     |  1- 3 |  4- 6 |  7- 9 | 10-12 || total
---------------------------+-------+-------+-------+-------++-------
  Melee: Dagger            |     2 |     6 |       |     5 ||    13
         Long sword        |       |     6 |       |       ||     6
         Falchion          |       |    23 |   202 |    88 ||   313
         Punch             |       |     1 |     2 |     4 ||     7
         Tailslap          |       |       |     1 |       ||     1
         Scimitar          |       |       |       |    18 ||    18
  Throw: Stone             |       |    16 |    22 |    10 ||    48
         Dart              |       |       |     5 |    34 ||    39
   Cast: Sandblast         |    53 |   100 |   127 |    47 ||   327
         Passwall          |       |       |       |    12 ||    12
 Invoke: Line Pass         |       |       |     1 |     4 ||     5
         Stomp             |       |       |       |     2 ||     2
  Evoke: Wand              |       |       |       |     2 ||     2
    Use: Scroll            |       |     4 |     6 |     3 ||    13
         Potion            |       |     1 |       |     3 ||     4
   Stab: Sleeping          |     1 |       |     2 |     2 ||     5
         Paralysed         |       |     1 |     2 |     4 ||     7
         Confused          |       |       |       |     1 ||     1
 Armour: Robe              |    13 |    29 |    82 |    81 ||   205
  Dodge: Dodged            |    20 |    46 |   121 |   112 ||   299
